 Dungeon Crawl Stone Soup version 0.22.0-36-g8e74550 (webtiles) character file.

8 zultag the Magician (level 2, 0/19 HPs)
             Began as a Mummy Wizard on Aug 24, 2018.
             Slain by a rat (2 damage)
             ... on level 1 of the Dungeon.
             The game lasted 00:03:22 (286 turns).

zultag the Magician (Mummy Wizard)                   Turns: 286, Time: 00:03:23

Health: 0/19       AC:  2    Str: 10    XL:     2   Next: 0%
Magic:  7/7        EV: 12    Int: 17    God:
Gold:   21         SH:  0    Dex: 10    Spells: 9/10 levels left

rFire    x . .     SeeInvis .   d - +0 whip
rCold    + . .     Gourm    .   (no shield)
rNeg     + + +     Faith    .   a - +0 robe
rPois    ∞         Spirit   .   b - +0 hat
rElec    .         Reflect  .   (no cloak)
rCorr    .         Harm     .   (no gloves)
MR       .....                  (no boots)
Stlth    ++........             (no amulet)
HPRegen  0.06/turn              (no ring)
MPRegen  0.10/turn              (no ring)

@: no status effects
A: no food or potions, fire vulnerability, cold resistance 1, negative energy
resistance 3, torment resistance, unbreathing
a: no special abilities


You were on level 1 of the Dungeon.
You were not hungry.

You visited 1 branch of the dungeon, and saw 1 of its levels.

You collected 21 gold pieces.

Inventory:

Hand Weapons
 d - a +0 whip (weapon)
Missiles
 g - 18 bolts
Armour
 a - a +0 robe (worn)
 b - a +0 hat (worn)
Scrolls
 e - 2 scrolls of random uselessness {unknown}
 f - a scroll of identify {unknown}
Comestibles
 c - a ration


   Skills:
 + Level 1.5 Dodging
 + Level 1.5 Stealth
 + Level 4.6 Spellcasting
 + Level 0.7 Conjurations
   Level 0.7 Summonings
   Level 0.7 Translocations


You had 9 spell levels left.
You knew the following spells:

 Your Spells              Type           Power        Failure   Level  Hunger
a - Magic Dart            Conj           #...         11%         1    N/A

Your spell library contained the following spells:

 Spells                   Type           Power        Failure   Level  Hunger
 Blink                    Tloc           N/A          17%         2    N/A
 Call Imp                 Summ           #.......     17%         2    N/A
 Slow                     Hex            #.......     22%         2    N/A
 Conjure Flame            Conj/Fire      #.......     36%         3    N/A
 Mephitic Cloud           Conj/Pois/Air  #.......     38%         3    N/A

Dungeon Overview and Level Annotations

Branches:
Dungeon (1/15)

Altars:


Innate Abilities, Weirdness & Mutations

You do not eat or drink.
Your flesh is vulnerable to fire.
You are immune to poison.
Your flesh is cold resistant. (rC+)
You are immune to negative energy. (rN+++)
You are immune to unholy pain and torment.
You can survive without breathing.


Message History

Found a yellow potion.
A rat comes into view.
The rat closely misses you. The rat closely misses you. The goblin misses you.
The rat bites you but does no damage. The goblin barely misses you.
The rat bites you.
* * * LOW HITPOINT WARNING * * *
The goblin closely misses you. The rat barely misses you.
The goblin barely misses you. The rat completely misses you.
The goblin barely misses you. The rat bites you.
* * * LOW HITPOINT WARNING * * *
The goblin barely misses you. The rat bites you.
* * * LOW HITPOINT WARNING * * *
The goblin closely misses you. The rat misses you.
The goblin completely misses you. The rat barely misses you.
The goblin barely misses you. The rat bites you.
You die...

.... ..... ....
#####.#.# .
...##....... ..
#......#!######..
#......!.$#.....
#............#
#..gr........#
#..@.........#
#............#
####+#......##
####...# #...##
##...# #.#.#
#.#.###.#
#.......#


You could see a goblin and a rat.

Vanquished Creatures
  A leopard gecko (D:1)
  2 goblins (D:1)
  A kobold (D:1)
  2 bats (D:1)
  A rat (D:1)
7 creatures vanquished.

Notes
Turn   | Place    | Note
-------+----------+-------------------------------------------
     0 | D:1      | zultag the Mummy Wizard began the quest for the Orb.
     0 | D:1      | Reached XP level 1. HP: 13/13 MP: 5/5
     1 | D:1      | Noticed a shadow dragon
     3 | D:1      | Noticed a shadow dragon
     5 | D:1      | Noticed an iron dragon
     7 | D:1      | Noticed an ice dragon
     8 | D:1      | Noticed an iron dragon
    10 | D:1      | Noticed a red draconian
    12 | D:1      | Noticed a tentacled monstrosity
    14 | D:1      | Noticed an ice dragon
    14 | D:1      | Noticed a shadow dragon
    15 | D:1      | Noticed an iron dragon
    18 | D:1      | Noticed a green draconian
    20 | D:1      | Noticed an iron dragon
    20 | D:1      | Noticed a large abomination
    22 | D:1      | Noticed an orb of fire
    26 | D:1      | Noticed an ice dragon
   257 | D:1      | Reached XP level 2. HP: 6/19 MP: 7/7
   286 | D:1      | Slain by a rat

Action                   || total
-------------------------++-------
Melee: Whip              ||     9
 Cast: Magic Dart        ||     9
Armor: Robe              ||     2
Dodge: Dodged            ||    24
